 Dungeon Crawl Stone Soup version 0.16.2-12-gd0ad4c3 (webtiles) character file.

57 Inchmeat the Conjurer (level 3, -1/19 HPs)
             Began as a Deep Elf Conjurer on Oct 16, 2015.
             Slain by Grinder (8 damage)
             ... on level 3 of the Dungeon.
             The game lasted 00:05:17 (2347 turns).

Inchmeat the Conjurer (Deep Elf Conjurer)           Turns: 2347, Time: 00:05:17

Health: -1/19      AC:  2    Str:  5    XL:     3   Next: 73%
Magic:  10/10      EV: 13    Int: 20    God:
Gold:   68         SH:  0    Dex: 15    Spells: 1 memorised, 7 levels left

rFire  . . .     SeeInvis .     p - +3 dagger
rCold  . . .     Clarity  .     a - +0 robe
rNeg   . . .     SustAb   .     (no shield)
rPois  .         Gourm    .     (no helmet)
rElec  .         Spirit   .     (no cloak)
rCorr  .         Warding  .     (no gloves)
rMut   .         Stasis   .     (no boots)
MR     .....                    (no amulet)
Stlth  ++........               (no ring)
                                (no ring)

@: not resistant to hostile enchantments, unstealthy
A: no striking features
a: no special abilities


You were on level 3 of the Dungeon.
You were not hungry.

You visited 1 branch of the dungeon, and saw 3 of its levels.

You collected 68 gold pieces.

Inventory:

Hand weapons
 p - a +3 dagger (weapon)
Armour
 a - a +0 robe (worn)
Scrolls
 e - a scroll of remove curse {unknown}
 f - a scroll of fog {unknown}
 g - a scroll of enchant armour {unknown}
 i - a scroll of fear {unknown}
 k - 6 scrolls of identify {unknown}
 m - a scroll of recharging {unknown}
 o - a scroll of enchant weapon {unknown}
 q - a scroll of teleportation {unknown}
Potions
 d - a potion of haste {unknown}
 h - a potion of brilliance {unknown}
 j - 2 potions of curing
 l - 2 potions of heal wounds {unknown}
 n - a potion of invisibility {unknown}
Books
 c - a book of Conjurations

   Spells                             Type                      Level
   a - Magic Dart                     Conjuration                  1
   b - Searing Ray                    Conjuration                  2
   c - Dazzling Spray                 Conjuration/Hexes            3
   d - Fulminant Prism                Conjuration/Hexes            4
   e - Iskenderun's Mystic Blast      Conjuration                  4
   f - Iskenderun's Battlesphere      Conjuration/Charms           5
Comestibles
 b - 2 bread rations


   Skills:
 - Level 2.5 Dodging
 - Level 2.4 Stealth
 - Level 3.0 Spellcasting
 * Level 5.9 Conjurations


You had 7 spell levels left.
You knew the following spells:

 Your Spells              Type           Power        Failure   Level  Hunger
a - Magic Dart            Conj           ####         1%          1    None


Dungeon Overview and Level Annotations

Branches:
Dungeon (3/15)

Altars:
Elyvilon

Annotations:
D:2 Robin
D:3 Grinder; yevrey's ghost, average HESk


Message History

It was a potion of curing.
You feel better. Grinder gestures at you.
You barely resist.
Grinder says, "Mostly I couldn't keep them alive."
Grinder gestures at you. You resist with significant effort.
Grinder gestures at you. Pain shoots through your body!
Grinder gestures.
Grinder blinks!
Grinder gestures at you. You resist with significant effort.
Grinder gestures at you. You resist with significant effort.
Grinder gestures.
Grinder blinks!
Things that are here:
a leather armour; a hand axe Grinder hits you!
You die...

################
##..............#
#...............###
##..####...#.5.....##########
#...#.......@[.....§.........
#...#.##..<#.......#######...
###.#.###....#...#.........##
#....####..#...#.##..######
#......#....>...###.####.# #
#...###.....(........## ##.##
# #. #.#....÷#..#..#
###...### # #.#.###.#..#..
#≈≈...≈≈### #...#
.......###≈..♣..≈#..


You could see Grinder.

Vanquished Creatures
  A giant mite (D:2)
  2 worms (D:2)
  A giant gecko (D:3)
  An ooze (D:2)
  An orc (D:3)
  5 bats
  A giant cockroach (D:1)
  8 goblins
  3 hobgoblins
  3 jackals
  A kobold (D:1)
  A quokka (D:3)
  2 ball pythons
  A giant newt (D:1)
  4 rats
35 creatures vanquished.

Notes
Turn   | Place    | Note
--------------------------------------------------------------
     0 | D:1      | Inchmeat, the Deep Elf Conjurer, began the quest for the Orb.
     0 | D:1      | Reached XP level 1. HP: 10/10 MP: 5/5
   496 | D:1      | Reached XP level 2. HP: 15/15 MP: 1/8
   592 | D:1      | Reached skill level 5 in Conjurations
  1252 | D:2      | Noticed Robin
  1280 | D:2      | Reached XP level 3. HP: 15/19 MP: 5/10
  2085 | D:3      | Found a white marble altar of Elyvilon.
  2123 | D:3      | Noticed Grinder
  2124 | D:3      | Paralysed by Grinder for 3 turns
  2137 | D:3      | Noticed yevrey's ghost (average HESk)
  2319 | D:3      | Paralysed by Grinder for 7 turns
  2347 | D:3      | Slain by Grinder

Action                   || total
-------------------------++-------
Melee: Unarmed           ||     4
       Dagger            ||     1
 Cast: Magic Dart        ||    85
  Use: Potion            ||     1
  Eat: Fruit             ||     2
       Chunk             ||     2
